 Dungeon Crawl Stone Soup version 0.31.0-32-g396128a36d (webtiles) character file.

Game seed: 11487406159363107076

60 tykejmi the Ruffian (level 3, -1/28 HPs)
             Began as a Draconian Shapeshifter on Apr 14, 2024.
             Slain by Sigmund
             ... wielding a +0 scythe
              (5 damage)
             ... on level 3 of the Dungeon.
             The game lasted 00:02:15 (1561 turns).

tykejmi the Ruffian (Draconian Shapeshifter)        Turns: 1561, Time: 00:02:15

Health: -1/28      AC:  5    Str: 18    XL:     3   Next: 82%
Magic:  3/3        EV: 12    Int: 10    God:
Gold:   70         SH:  0    Dex: 10    Spells: 2/2 levels left

rFire   . .          .
                       - Unarmed
rCold   . . .        (no shield)
rNeg    . . .        (body armour unavailable)
rPois   .            (helmet currently unavailable)
rElec   .            (cloak currently unavailable)
rCorr   .            (gloves currently unavailable)
SInv    .            (boots currently unavailable)
Will    .....        (no amulet)
Stlth   +            (no ring)
HPRegen 0.24/turn    (no ring)
MPRegen 0.08/turn

%: no passive effects
@: confused, beast-form
A: beast (slay +2), AC +5, unfitting armour, cold-blooded
a: Begin Untransformation


You were on level 3 of the Dungeon.
You were a hulking beast.
You visited 1 branch of the dungeon, and saw 3 of its levels.

You collected 70 gold pieces.

Inventory:

Armour
 f - a +0 pair of gloves
Jewellery
 h - the Hermit's Pendant {Faith Invo=14 Evo=0 MP+5}
   (You found it on level 2 of the Dungeon)

   [amulet of faith]

   Invo=14: It sets your Invocations skill to 14.
   Evo=0: It sets your Evocations skill to 0.
   Faith:     It allows you to gain divine favour quickly.
   MP+5:      It affects your magic capacity (+5).
 j - an amulet of the acrobat
Talismans
 b - a beast talisman
 c - a flux talisman
Scrolls
 e - 2 scrolls of teleportation
 g - 2 scrolls of vulnerability
Potions
 a - 2 potions of lignification
 d - a potion of haste
 i - a potion of might {unknown}


   Skills:
 * Level 1.5 Fighting
 * Level 2.0 Dodging
 * Level 3.9 Unarmed Combat
 * Level 3.6 Shapeshifting


You had 2 spell levels left.
You didn't know any spells.
Your spell library contained the following spells:

 Spells                   Type           Power      Damage    Failure   Level
 Dazzling Flash           Conj/Hex       0%         N/A       75%         3
 Mephitic Cloud           Conj/Alch/Air  0%         N/A       75%         3
 Curse of Agony           Necr           0%         N/A       100%        5
 Silence                  Hex/Air        0%         N/A       100%        5


Dungeon Overview and Level Annotations

Branches:
Dungeon (3/15)

Altars:

Shops:
D:2 =

Annotations:
D:3 3 runed translucent doors, Henri's ghost, amateur OpSh; Sigmund


Innate Abilities, Weirdness & Mutations

You are a hulking beast.
Your limbs bulge with bestial killing power. (Slay +2)
Your plain brown scales are hard. (AC +5)
You cannot fit into any form of body armour.
You are cold-blooded and may be slowed by cold attacks.


Message History

Henri's ghost whispers, "There is no future for you."
A hobgoblin is nearby!
You are confused.
A hobgoblin is nearby!
A hobgoblin is nearby!
A hobgoblin is nearby!
A hobgoblin is nearby!
A hobgoblin is nearby!
A hobgoblin is nearby!
You bump into the rock wall.
The hobgoblin throws a stone.
Henri's ghost screams, "Don't try to defend!
You have no chance!"
You are more confused.
You bump into the rock wall.
You bump into the rock wall.
You're too confused to move!
The hobgoblin throws a stone.
The stone hits you.
A magic dart appears from out of thin air!
The magic dart hits you!
You hear some strange, mumbled words.
A puff of flame appears from out of thin air!
The puff of flame hits you.
Okay, then.
You are too confused!
The hobgoblin throws a stone.
The stone hits you.
* * * LOW HITPOINT WARNING * * *
Unknown command.
Found a scroll labelled LEBAON ANLA and 14 gold pieces.
The hobgoblin throws a stone.
The stone hits you but does no damage.
Unknown command.
You bump into the runed translucent gate.
You hear some strange, mumbled words.
You are more confused.
The hobgoblin throws a stone.
The stone hits you.
* * * LOW HITPOINT WARNING * * *
Unknown command.
Something hits you.
* * * LOW HITPOINT WARNING * * *
The hobgoblin throws a stone.
The stone hits you but does no damage.
Unknown command.
Something hits you.
You die...

....#..###.# #..#.
$?...#...##.# #..#.
#.##.#...##.#
#.?#.##.##.#...##.#
#..#.##.##.#...##.#
#..#....Y..#...##.#
.###..#..bKW..#......#
......###+++###...####
#.......h........#
#.........{.g...##
.###..........##
##.######### #.# #.#
#†# #.# #.#


You could see a sky beast, Henri's ghost, a hobgoblin, a bat and a kobold.

Vanquished Creatures
  An adder (D:2)
  4 dart slugs
  A ribbon worm (D:2)
  3 ball pythons
  7 endoplasms
  A giant cockroach (D:1)
  2 goblins
  4 jackals (D:1)
  6 kobolds
  3 bats (D:1)
  3 frilled lizards (D:1)
  5 rats
40 creatures vanquished.

Notes
Turn   | Place    | Note
-------+----------+-------------------------------------------
     0 | D:1      | tykejmi the Draconian Shapeshifter began the quest for the
                  | Orb.
     0 | D:1      | Reached XP level 1. HP: 16/16 MP: 1/1
   143 | D:1      | Reached XP level 2. HP: 20/23 MP: 2/2
   414 | D:1      | Reached XP level 3. HP: 28/28 MP: 3/3
   718 | D:1      | Found a faded altar of an unknown god.
   863 | D:2      | Found Plog's Jewellery Boutique.
  1366 | D:2      | Found the Hermit's Pendant {Faith Invo=14 Evo=0 MP+5}
  1499 | D:3      | Found a runed translucent gate.
  1501 | D:3      | Found a runed translucent gate.
  1501 | D:3      | Found a runed translucent gate.
  1502 | D:3      | Noticed Henri's ghost (amateur OpSh)
  1504 | D:3      | Noticed a sky beast
  1530 | D:3      | Noticed Sigmund
  1561 | D:3      | Slain by Sigmund

Illustrated notes

Levels and vault maps discovered:
D:1:      evilmike_arrival_home_sweet_home, layout_loops_ring,
          hellmonk_ecumenical_altar_leap_of_faith
D:2:      layout_loops_ring, serial_shops, shop
D:3:      layout_loops_ring, mainiacjoe_overflow_catwalk, gammafunk_ghost_split,
          corexii_leaking_fountain, uniq_natasha, uniq_sigmund

Skill      XL: |  1  2  3 |
---------------+----------+-----
Dodging        | 2 |  2.0
Fighting       | |  1.5
Unarmed Combat | |  3.9
Shapeshifting  | |  3.6

Action                     || total
---------------------------++-------
  Melee: Unarmed           ||    93
         Tailslap          ||    12
         Punch             ||     2
    Use: Scroll            ||     5
 Armour: Skin              ||    56
  Dodge: Dodged            ||    34
